 Dungeon Crawl Stone Soup version 0.20.0-15-g7f486f2 (webtiles) character file.

53 robba the Digger (level 3, -1/48 HPs)
             Began as a Troll Earth Elementalist on June 27, 2017.
             Slain by a goblin (3 damage)
             ... led by Robin
             ... on level 2 of the Dungeon.
             The game lasted 00:08:57 (1181 turns).

robba the Digger (Troll Earth Elementalist)         Turns: 1181, Time: 00:08:57

Health: -1/48      AC: 21    Str: 17    XL:     3   Next: 64%
Magic:  4/4        EV:  1    Int: 11    God:
Gold:   40         SH:  0    Dex: 10    Spells: 0/4 levels left

rFire    x . .     SeeInvis .     - Unarmed
rCold    + . .     Gourm    +   (no shield)
rNeg     + + +     Faith    +   (armour currently unavailable)
rPois    +         Spirit   .   (helmet currently unavailable)
rElec    .         Reflect  .   (cloak currently unavailable)
rCorr    .         Harm     .   (gloves unavailable)
MR       .....     NoTele   +   (boots unavailable)
Stlth    +.........             k - amulet of faith
Regen    0.6/turn               g - ring of ice
MPRegen  0.1/turn               (no ring)

@: tree-form (expiring)
A: unfitting armour, fast metabolism 3, gourmand, regeneration 1
a: no special abilities


You were on level 2 of the Dungeon.
You were completely stuffed.
You were a tree.
You visited 1 branch of the dungeon, and saw 2 of its levels.

You collected 40 gold pieces.

Inventory:

Missiles
 b - 36 stones (quivered)
 q - 13 poisoned needles
Armour
 c - a +0 robe (melded)
 p - a +2 hat (melded)
Jewellery
 g - a ring of ice (left branch)
 k - an amulet of faith (around neck)
Scrolls
 f - 2 scrolls of teleportation {unknown}
 h - 2 scrolls of remove curse {unknown}
 l - a scroll of identify {unknown}
 n - a scroll of amnesia {unknown}
 o - a scroll of recharging {unknown}
Potions
 a - a potion of lignification
 i - 2 potions of brilliance {unknown}
 j - a potion of magic {unknown}
Books
 e - a book of Geomancy

   Spells                             Type                      Level
   a - Sandblast                      Earth                        1
   b - Passwall                       Transmutation/Earth          2
   c - Stone Arrow                    Conjuration/Earth            3
   d - Petrify                        Transmutation/Earth          4
   e - Lee's Rapid Deconstruction     Earth                        5
Comestibles
 d - 2 bread rations
 m - a royal jelly


   Skills:
 + Level 0.4 Fighting
 + Level 2.2 Dodging
 + Level 1.2 Stealth
 + Level 1.1 Unarmed Combat
 + Level 1.4 Spellcasting
   Level 0.6 Transmutations
 + Level 3.1 Earth Magic


You couldn't memorise any spells.
You knew the following spells:

 Your Spells              Type           Power        Failure   Level  Hunger
a - Sandblast             Erth           #.....       9%          1    ##.....
b - Stone Arrow           Conj/Erth      #.....       45%         3    ####...


Dungeon Overview and Level Annotations

Branches:
Dungeon (2/15)

Altars:
Vehumet

Annotations:
D:2 Robin


Innate Abilities, Weirdness & Mutations

You are too large for most types of armour.
((You have claws for hands.))
Your metabolism is lightning-fast.
You like to eat raw meat.
Your natural rate of healing is unusually fast.
((You are covered in fur. (AC +1)))
((You have very tough skin. (AC +2)))


Message History

Robin roars a battlecry!
The goblins go into a battle-frenzy!
The goblin hits you.
* * * LOW HITPOINT WARNING * * *
The giant cockroach bites you.
* * * LOW HITPOINT WARNING * * *
Unknown command.
Unknown command.
Unknown command.
Your transformation is almost over.
The bat barely misses you. The bat hits you but does no damage.
The goblin hits you but does no damage. The hobgoblin hits you.
* * * LOW HITPOINT WARNING * * *
The goblin hits you.
* * * LOW HITPOINT WARNING * * *
The goblin hits you but does no damage.
The giant cockroach bites you but does no damage.
The bat hits you but does no damage. The bat barely misses you.
The goblin hits you.
You die...

#.........##...##
#.###########...#
#.# #..... #.#
##.... #.# ##.##
######†#### #.#
#.........# #.#
#..#ggb#..# #.#
#. ##♣###.# #.#


#sgg# ... #.# ..gggg. ... #.# ...#...#..#### #..###.###..# #.. ... .... #. ...
... # ... ## You could see Robin, a giant cockroach, 4 hobgoblins, 3 goblins and
a bat.

Vanquished Creatures
  2 oozes
  A dart slug (D:1)
  3 leopard geckos
  A ball python (D:2)
  A giant cockroach (D:1)
  2 hobgoblins
  2 jackals (D:1)
  4 kobolds (D:1)
  A quokka (D:2)
  7 bats (D:1)
  10 frilled lizards (D:2)
  3 goblins
  5 rats
  6 plants (D:2)
48 creatures vanquished.

Notes
Turn   | Place    | Note
-------+----------+-------------------------------------------
     0 | D:1      | robba the Troll Earth Elementalist began the quest for the Orb.
     0 | D:1      | Reached XP level 1. HP: 16/16 MP: 1/1
   134 | D:1      | Reached skill level 3 in Earth Magic
   179 | D:1      | Reached XP level 2. HP: 24/24 MP: 3/3
   633 | D:1      | Reached XP level 3. HP: 24/31 MP: 4/4
   651 | D:1      | Learned a level 3 spell: Stone Arrow
  1145 | D:2      | Found a radiant altar of Vehumet.
  1155 | D:2      | Noticed Robin
  1159 | D:2      | Reached skill level 1 in Unarmed Combat
  1180 | D:2      | HP: 2/48 [goblin[Robin] (1)]
  1181 | D:2      | Slain by a goblin

Skill      XL: |  1  2  3 |
---------------+----------+-----
Earth Magic    | 3 |  3.1
Dodging        | 2 |  2.2
Unarmed Combat | 1 |  1.1
Fighting       | |  0.4
Stealth        | |  1.2
Spellcasting   | |  1.4
Transmutations | |  0.6

Action                   || total
-------------------------++-------
Melee: Unarmed           ||   277
  Use: Potion            ||     1
 Stab: Sleeping          ||     1
  Eat: Chunk             ||    17
Armor: Robe              ||   103
       Skin              ||    81
Dodge: Dodged            ||   126
